 Dungeon Crawl Stone Soup version 0.24.0-10-g970556be89 (webtiles) character file.

Game seed: 7651707611043523570, levelgen mode: deterministic

7 Monsterracer the Sneak (level 1, 0/9 HPs)
             Began as a Spriggan Enchanter on Nov 3, 2019.
             Slain by a kobold
             ... wielding a +0 short sword
              (2 damage)
             ... on level 2 of the Dungeon.
             The game lasted 00:00:18 (92 turns).

Monsterracer the Sneak (Spriggan Enchanter)           Turns: 92, Time: 00:00:18

Health: 0/9        AC:  2    Str:  4    XL:     1   Next: 91%
Magic:  4/5        EV: 18    Int: 16    God:
Gold:   37         SH:  0    Dex: 16    Spells: 5/6 levels left

rFire    . . .     SeeInvis +   a - +1 dagger
rCold    . . .     Gourm    .   (shield restricted)
rNeg     . . .     Faith    .   b - +0 robe
rPois    .         Spirit   .   (helmet restricted)
rElec    .         Reflect  .   (no cloak)
rCorr    .         Harm     .   (gloves unavailable)
MR       .....                  (boots unavailable)
Stlth    +++.......             (no amulet)
HPRegen  0.03/turn              (no ring)
MPRegen  0.09/turn              (no ring)

@: very quick
A: very small, unfitting armour, see invisible, herbivore, speed 3, slow
metabolism 2
a: no special abilities


You were on level 2 of the Dungeon.
You were not hungry.

You visited 1 branch of the dungeon, and saw 2 of its levels.

You collected 37 gold pieces.

Inventory:

Hand Weapons
 a - a +1 dagger (weapon)
Armour
 b - a +0 robe (worn)
Scrolls
 e - a scroll of remove curse {unknown}
Potions
 d - a potion of curing {unknown}
Comestibles
 c - 2 rations


   Skills:
 * Level 1.5 Short Blades
 - Level 3.0 Dodging
 + Level 4.5 Stealth
 * Level 3.0 Spellcasting
 + Level 3.7 Hexes


You had 5 spell levels left.
You knew the following spells:

 Your Spells              Type           Power        Failure   Level  Hunger
j - Corona                Hex            ##.....      4%          1    #......

Your spell library contained the following spells:

 Spells                   Type           Power        Failure   Level  Hunger
 Confuse                  Hex            ##......     12%         3    ###....
 Tukima's Dance           Hex            ##......     12%         3    ###....
 Ensorcelled Hibernation  Hex/Ice        #.....       13%         2    ##.....
 Dazzling Spray           Conj/Hex       #.....       26%         3    ###....


Dungeon Overview and Level Annotations

Branches:
Dungeon (1/15)

Altars:


Innate Abilities, Weirdness & Mutations

You are very small and have problems with some larger weapons.
You are too small for most types of armour.
You have supernaturally acute eyesight. (SInv)
You are a herbivore.
You cover ground extremely quickly.
You need to consume almost no food.


Message History

The goblin misses you.
There are monsters nearby!
The hobgoblin shouts!
You hit the goblin.
The goblin is severely wounded.
The goblin hits you with a +0 dagger.
You hit the goblin.
You kill the goblin!
An ooze comes into view.
You closely miss the hobgoblin. The hobgoblin closely misses you.
Casting: Corona (safe; 4% risk of failure)
Confirm with . or Enter, or press ? or * to list all spells.
You don't know that spell.
Unknown command.
Casting: Corona (safe; 4% risk of failure)
Confirm with . or Enter, or press ? or * to list all spells.
Aiming: Corona (safe; 4% risk of failure)
Press: ? - help, Shift-Dir - straight line, f - hobgoblin
Aim: a hobgoblin (chance to defeat MR: 67%)
The hobgoblin is outlined in light.
The hobgoblin misses you.
You hit the hobgoblin.
The hobgoblin is heavily wounded.
The hobgoblin closely misses you.
You barely miss the hobgoblin.
The hobgoblin is heavily wounded.
The hobgoblin completely misses you.
You hit the hobgoblin but do no damage.
The hobgoblin is heavily wounded.
The hobgoblin misses you.
You hit the hobgoblin.
The hobgoblin is almost dead.
The hobgoblin stops glowing.
The ooze hits you.
You hit the hobgoblin.
You kill the hobgoblin!
The ooze closely misses you. The ooze hits you but does no damage.
You hit the ooze but do no damage. The ooze barely misses you.
You hit the ooze.
The ooze is lightly wounded.
The ooze hits you.
You hit the ooze.
The ooze is moderately wounded.
The ooze completely misses you.
You barely miss the ooze.
The ooze is moderately wounded.
The ooze barely misses you.
You hit the ooze.
The ooze is moderately wounded.
The ooze hits you but does no damage.
You hit the ooze.
The ooze is moderately wounded.
You hit the ooze.
The ooze is severely wounded.
The ooze completely misses you.
You hit the ooze.
The ooze is severely wounded.
The ooze hits you.
* * * LOW HITPOINT WARNING * * *
You hit the ooze but do no damage.
The ooze is severely wounded.
The ooze closely misses you.
You hit the ooze but do no damage.
The ooze is severely wounded.
The ooze closely misses you.
You hit the ooze but do no damage.
The ooze is severely wounded.
The ooze closely misses you.
You hit the ooze.
The ooze is almost dead.
The ooze misses you.
You hit the ooze.
The ooze is almost dead.
The ooze hits you but does no damage.
You hit the ooze but do no damage.
The ooze is almost dead.
The ooze completely misses you.
A kobold comes into view. It is wielding a +0 short sword.
You hit the ooze.
You kill the ooze!
Your Spellcasting skill increases to level 3!
Things that are here:
a +0 dagger; a goblin corpse
Casting: Corona (safe; 4% risk of failure)
Confirm with . or Enter, or press ? or * to list all spells.
Aiming: Corona (safe; 4% risk of failure)
Press: ? - help, Shift-Dir - straight line, f - kobold
Aim: a kobold, wielding a +0 short sword (chance to defeat MR: 68%)
The kobold is outlined in light.
You swing at nothing.
You hit the kobold.
The kobold is severely wounded.
The kobold closely misses you.
You hit the kobold but do no damage.
The kobold is severely wounded.
The kobold hits you with a +0 short sword.
* * * LOW HITPOINT WARNING * * *
You barely miss the kobold.
The kobold is severely wounded.
The kobold hits you with a +0 short sword.
You die...

.# #.## ##...###
####...... ..#....#
#.#... #.#.#
###...#########
#.....)@K......
######.##..######.#.
#.....#....#
###.###.# ........#
#.# .g.###### #.#
#.# #.# #..


You could see a kobold.

Vanquished Creatures
  An ooze (D:2)
  A goblin (D:2)
  A hobgoblin (D:2)
3 creatures vanquished.

Notes
Turn   | Place    | Note
-------+----------+-------------------------------------------
     0 | D:1      | Monsterracer the Spriggan Enchanter began the quest for the
                  | Orb.
     0 | D:1      | Reached XP level 1. HP: 9/9 MP: 5/5
    52 | D:1      | You fall into a shaft and drop 1 floor!
    77 | D:2      | HP: 2/9 [ooze (3)]
    91 | D:2      | HP: 2/9 [kobold/+0 short sword (1)]
    92 | D:2      | Slain by a kobold

Levels and vault maps discovered:
D:1:      dpeg_arrival_refuge, layout_basic, serial_bayou_pond_c
D:2:      layout_loops_ring, grunt_temple_overflow_order_and_chaos_2,
          nicolae_overflow_hidden_temple

Skill      XL: |  1 |
---------------+----+-----
Spellcasting   | 3 |  3.0
Short Blades   | |  1.5
Dodging        | |  3.0
Stealth        | |  4.5
Hexes          | |  3.7

Action                   || total
-------------------------++-------
Melee: Dagger            ||    27
 Cast: Corona            ||     2
Armor: Robe              ||     3
Dodge: Dodged            ||    17
